 Dungeon Crawl Stone Soup version 0.18-a0-1040-g4865665 (webtiles) character file.

42 Reinor the Bolt Thrower (level 3, 0/29 HPs)
             Began as a Centaur Hunter on Jan 10, 2016.
             Slain by a worm (4 damage)
             ... on level 1 of the Dungeon.
             The game lasted 00:05:05 (720 turns).

Reinor the Bolt Thrower (Centaur Hunter)             Turns: 720, Time: 00:05:05

Health: 0/29       AC:  5    Str: 14    XL:     3   Next: 35%
Magic:  3/3        EV:  9    Int: 10    God:
Gold:   89         SH:  0    Dex: 10    Spells: 0 memorised, 2 levels left

rFire  . . .     SeeInvis .     a - +1 hand crossbow
rCold  . . .     Gourm    .     c - +0 leather armour
rNeg   . . .     Faith    .     (no shield)
rPois  .         Spirit   .     (no helmet)
rElec  .         Dismiss  .     (no cloak)
rCorr  .         Reflect  .     h - +0 pair of gloves
SustAt .         Harm     .     (no barding)
MR     .....                    (no amulet)
Stlth  ++........               (no ring)
                                g - ring of stealth

@: very quick, not resistant to hostile enchantments, unstealthy
A: hooves 3, deformed body, speed 2, tough skin 3
a: no special abilities


You were on level 1 of the Dungeon.
You were not hungry.

You visited 1 branch of the dungeon, and saw 2 of its levels.

You collected 89 gold pieces.

Inventory:

Hand Weapons
 a - a +1 hand crossbow (weapon)
 b - a +0 short sword
Missiles
 d - 5 bolts (quivered)
Armour
 c - a +0 leather armour (worn)
 h - a +0 pair of gloves (worn)
Jewellery
 g - a ring of stealth (left hand)
Scrolls
 i - a scroll of immolation {unknown}
 j - 2 scrolls of remove curse {unknown}
 k - a scroll of enchant weapon {unknown}
 o - a scroll of identify {unknown}
Potions
 e - a potion of cancellation {unknown}
 m - a potion of lignification {unknown}
 n - a potion of ambrosia {unknown}
 p - a potion of mutation {unknown}
Comestibles
 f - 2 bread rations
 l - 4 fruits


   Skills:
 - Level 2.0 Fighting
 + Level 5.7 Crossbows
 - Level 1.3 Dodging
 - Level 0.5 Stealth


You had 2 spell levels left.
You didn't know any spells.

Dungeon Overview and Level Annotations

Branches:
Dungeon (2/15)

Altars:

Annotations:
D:2 Robin


Innate Abilities, Weirdness & Mutations

You have hooves in place of feet.
Armour fits poorly on your strangely shaped body.
You cover ground very quickly.
You have extremely tough skin (AC +3).


Message History

Aim: a worm (heavily wounded)
You shoot a bolt.
The bolt hits the worm but does no damage.
The worm is heavily wounded.
The goblin hits you but does no damage.
Firing (i - inventory):
d - 7 bolts (quivered)
Press: ? - help, Shift-Dir - straight line, f/p - worm
Aim: a worm (heavily wounded)
You shoot a bolt. The bolt hits the worm.
The worm is severely wounded.
The goblin hits you but does no damage. The worm bites you.
* * * LOW HITPOINT WARNING * * *
Firing (i - inventory):
d - 6 bolts (quivered)
Press: ? - help, Shift-Dir - straight line, f/p - worm
Aim: a worm (severely wounded)
You shoot a bolt.
The bolt hits the worm but does no damage.
The worm is severely wounded.
The goblin hits you but does no damage. The worm bites you.
You die...

#..............'..
#......###.....###
#....#.........#
#....#.#.#.#####
#....#.#.#.#
#....#.#.#########
#.>..'...........[ ########
#wg..#####.......# #......#
#@(..# #.......# #......#
###### #........ #......#
##......#. #......#
#....#.#.. #......#
#.##...... #......#########
#.##.###.# #...#####......#
#........#
#...#######.##.####..#######
#................##..# #


You could see a worm and a goblin (frenzied).

Vanquished Creatures
  2 gnolls (D:1)
  A giant cockroach (D:1)
  6 goblins (D:1)
  2 hobgoblins (D:1)
  2 bats (D:1)
  A giant newt (D:1)
  7 kobolds (D:1)
  A rat (D:1)
22 creatures vanquished.

Notes
Turn   | Place    | Note
--------------------------------------------------------------
     0 | D:1      | Reinor the Centaur Hunter began the quest for the Orb.
     0 | D:1      | Reached XP level 1. HP: 17/17 MP: 1/1
    22 | D:1      | Reached skill level 5 in Crossbows
    22 | D:1      | Reached XP level 2. HP: 19/24 MP: 2/2
   332 | D:1      | Reached XP level 3. HP: 29/29 MP: 3/3
   692 | D:2      | Noticed Robin
   720 | D:1      | Slain by a worm

Vault maps used:
D:1:      minmay_arrival_shattered_statue
D:2:      first_bread, ecumenical_altar_1, nemelex_spade_bored_becter,
          uniq_robin

Action                   || total
-------------------------++-------
Melee: Short sword       ||    10
 Fire: Hand crossbow     ||    46
